← All builds
Front / Armada / Economy first / OBSERVED BUILD

Stout rush

An early T1 vehicle assault build committing to Stout tanks from Vehicle Plant by 4:46, reaching the middle far ahead of the role's norm and sometimes pushing into the enemy base, before transitioning into a mixed army later.

#rush #push · 24 distinct matches · 12 players · 2% of Armada Front games · team won 33% of 24 · Recently observed

THE CATCH, AND WHAT COMES WITH IT
  • StoutT1 vehicle assault from 4:46 · 8% of role by thenFrom the Vehicle Plant. Only 8% of Front games have it by then; others who build it get it around 7:46
  • StoutStout in 79%2% of all Front games by then
  • ShellshockerArty in 50%11% of all Front games by then

Where those units first fight, in 24 games with kill data: in the middle 100%.

Those units destroy a typical 1,119 metal of enemy units by 15:00.

Then transitions into blitz (11% of army), janus (9% of army).

HOW TO PLAY IT

Key timing: Stout push by 4:38

  1. Open Vehicle Plant fast, then mex and solar as usual.
  2. Add Shellshocker artillery to back the coming push.
  3. Commit to Stout-led T1 vehicle assault at middle.
  4. Keep Stout flowing as the main force at front.
  5. Bring Bot Lab online as the push transitions.

Phase by phase

TYPICAL OF ITS 24 GAMES · AGAINST STANDARD FRONT
  1. 1
  2. 2
  3. 3
PLAY THE OPENING

Follow the example game's first 6:00 step by step: what to build now, what comes next, and where it goes. At 1× it keeps pace with your own game.

  1. 1

    Up to the Vehicle Plant

    Economy
    • Metal Extractor2Mex
    Order
    1. Vehicle PlantVehicle Plant after 2 mexdone ~0:42, middle half 0:35–0:48

    Some games also: wind (46%)

    By 0:23 in all: 2 mex

    The example game in this phase · 3 steps
    1. Mex ×2
    2. Wind ×2
    3. Vehicle PlantVehicle Plantdone 0:48 · typical 0:42
  2. 2

    Vehicle Plant to T1 vehicle assault

    Economy
    • Metal Extractor5Mex
    • Wind Turbine3Wind
    Order
    1. StoutT1 vehicle assault after 6 mex, 3 wind
    Builders
    • Construction Vehicle2 Con vehicle
    Army
    • Sentry2 Sentry
    • Janus3 Janus
    • Rover3 Scout +2 vs standard
    • Blitz2 Blitz +2 vs standard

    Some games also: arty (38%) · con turret (33%)

    By 4:36 in all: 6 mex · 3 wind (standard 5)

    The example game in this phase · 13 steps
    1. Construction VehicleCon vehicle
    2. RoverScout
    3. Wind
    4. Mex
    5. RoverScout ×6
    6. JanusJanus
    7. Construction VehicleCon vehicle
    8. Mex
    9. Construction VehicleCon vehicle
    10. JanusJanus
    11. Mex
    12. JanusJanus
    13. StoutStoutdone 2:59
  3. 3

    T1 vehicle assault to 10:00

    Economy
    • Metal Extractor1Mex
    • Wind Turbine14Wind−5 vs standard
    • Energy Storage1Energy storage
    Builders
    • Construction Turret2 Con turret
    • Construction Vehicle2 Con vehicle +2 vs standard
    Army
    • Sentry1 Sentry
    • Stout10 Stout +10 vs standard

    Some games also: converter (50%) · Radar Tower (42%) · Dragon's Teeth (42%) · scout (33%) · solar (33%)

    The standard build makes here, this one skips: 5 blitz

    By 10:00 in all: 8 mex · 22 wind · 1 energy storage · 2 con turret

    The example game in this phase · 153 steps
    1. Mex
    2. StoutStout
    3. SentrySentry
    4. JanusJanus ×2
    5. StoutStout
    6. JanusJanus ×2
    7. StoutStout ×3
    8. JanusJanus
    9. StoutStout
    10. JanusJanus ×2
    11. Construction VehicleCon vehicle
    12. Con turret
    13. BlitzBlitz ×2
    14. Wind
    15. BlitzBlitz
    16. Wind
    17. BlitzBlitz ×2
    18. Wind
    19. Mex
    20. BlitzBlitz ×3
    21. Mex
    22. BlitzBlitz
    23. Con turret
    24. Dragon's TeethDragon's Teeth ×2
    25. Mex
    26. Wind
    27. BlitzBlitz
    28. Dragon's TeethDragon's Teeth ×3
    29. SentrySentry
    30. BlitzBlitz
    31. Wind
    32. Construction VehicleCon vehicle
    33. Wind
    34. Dragon's TeethDragon's Teeth ×3
    35. BlitzBlitz
    36. Dragon's TeethDragon's Teeth
    37. Wind
    38. Dragon's TeethDragon's Teeth ×2
    39. BlitzBlitz
    40. Wind
    41. BlitzBlitz
    42. Wind
    43. BlitzBlitz
    44. Wind
    45. BlitzBlitz ×6
    46. Wind ×2
    47. BlitzBlitz
    48. Wind
    49. Energy storage
    50. Construction VehicleCon vehicle
    51. Wind
    52. BlitzBlitz
    53. Wind ×2
    54. BlitzBlitz
    55. Wind
    56. BlitzBlitz
    57. Wind
    58. BlitzBlitz
    59. Wind ×2
    60. BlitzBlitz
    61. Wind
    62. BlitzBlitz ×2
    63. Wind
    64. BlitzBlitz
    65. Wind ×2
    66. BlitzBlitz
    67. Wind
    68. BlitzBlitz
    69. Wind
    70. Construction VehicleCon vehicle
    71. Con turret
    72. Converter
    73. Wind
    74. Con turret
    75. Converter ×2
    76. Wind
    77. Advanced Metal ExtractorT2 mexdone 10:37 · typical 9:48
    78. Converter
    79. Energy storage
    80. Wind
    81. Naval Energy Storage
    82. Converter
    83. Advanced Metal ExtractorT2 mex
    84. Wind
    85. Converter
    86. Con turret
    87. Advanced Metal ExtractorT2 mex
    88. Con turret
    89. Wind ×14
    90. Converter
    91. Wind ×3
    92. Converter
    93. Wind
    94. Converter
    95. Wind
    96. Advanced Metal ExtractorT2 mex
    97. Wind ×7
    98. Fusion ReactorFusiondone 13:32
    99. Wind ×6
    100. Converter
    101. Wind ×8
    102. Converter
    103. Wind
    104. Converter
    105. Wind ×2
    106. Converter ×3
    107. Wind
    108. Converter
    109. Advanced Metal ExtractorT2 mex
    110. Wind ×9
    111. Converter
    112. Energy storage
    113. Wind
    114. Converter
    115. Wind ×8
    116. Converter ×2
    117. Wind
    118. Converter
    119. Advanced Metal ExtractorT2 mex
    120. Wind ×2
    121. Converter ×2
    122. Wind ×2
    123. Converter ×2
    124. Wind ×3
    125. Converter ×2
    126. Bot LabBot Labdone 14:14 · typical 11:32
    127. Wind
    128. Advanced solar
    129. Construction BotCon bot
    130. Wind
    131. Fortification WallFortification Wall
    132. Wind
    133. Con turret
    134. Fortification WallFortification Wall ×2
    135. Wind
    136. Fortification WallFortification Wall
    137. Wind ×2
    138. Fortification WallFortification Wall ×2
    139. Converter
    140. Con turret
    141. Wind ×2
    142. ArbalestArbalest
    143. Advanced Bot LabAdvanced Bot Labnot finished by 15:00
    144. Wind ×2
    145. LazarusLazarus ×2
    146. Wind ×2
    147. Con turret
    148. Wind ×3
    149. Con turret
    150. Converter
    151. Wind
    152. LazarusLazarus
    153. Wind ×2

Counts are medians over the build's games: half of them build more, half fewer. The example game is Godmother13's (37 OS, 26/08/2026); pick another.

Team trades

IN AT LEAST 30% OF ITS GAMES

You hand over

Nothing regular.

You get

  • Tidal Generator4 Tidal from Pondfirst at 0:15 · in 67% of games
  • Advanced Construction Bot1 T2 con bot from Geo or Techfirst at 7:20 · in 63% of games

How it plays out

Typical game of this build against the role’s standard build, running totals by minute

  • This build
  • Standard front

Metal produced

010k20k30k
0:005:0010:0015:00

metal

Enemy metal destroyed

05k10k
0:005:0010:0015:00

metal

Own metal lost

05k10k
0:005:0010:0015:00

metal

24 games.

Show as table
ByMetal produced: This buildMetal produced: Standard frontEnemy metal destroyed: This buildEnemy metal destroyed: Standard frontOwn metal lost: This buildOwn metal lost: Standard front
1:003323330000
2:0082284637213131
3:001659162516714173105
4:0027472716556541322333
5:003867386812021200694817
6:00507250831893211312181522
7:00622563322522299619942419
8:00754176623130386727133347
9:00892490903714466933014310
10:0010564106943973531844365050
11:0012312126254700582555305709
12:0015023148455299639058056523
13:0018132174495674700963847234
14:0021445201806608762167278098
15:0023382227047727837481958944
WHAT THE NUMBERS SAY

Won far less often than the standard build, destroying and losing less enemy metal at every checkpoint.

  • + Loses less metal by 15:00 (7853 vs 8949)
  • + Loses less metal early by 5:00 (705 vs 849)
  • − Destroys much less enemy metal by 15:00 (6187 vs 8347)
  • − Team win rate falls to 32% vs standard's 61%
THE EXAMPLE YOU ARE READING

Godmother13

36.8 OS · 26/08/2026

Open source match ↗

7 received units · includes a constructor
487 metal received · 73821 energy received

Allied construction assistance is unknown. Timings are observations, not a promise of solo reproducibility.

Typical milestones

Vehicle Plant0:42Middle 50%: 0:35–0:48 · n=24
Advanced Metal Extractor9:48Middle 50%: 8:06–10:23 · n=20
Bot Lab11:32Middle 50%: 10:29–13:43 · n=13

Played most by

CentientWaffle7games of this buildImmort6games of this buildKcorp2games of this buildDeathkebab1game of this buildGodmother131game of this build